 Dungeon Crawl Stone Soup version 0.17-a0-1468-gbf503c2 (webtiles) character file.

1484 pulse the Chopper (level 9, 0/69 HPs)
             Began as a Formicid Berserker on July 1, 2015.
             Was an Elder of Trog.
             Killed from afar by a fire drake (5 damage)
             ... with a blast of flame
             ... on level 8 of the Dungeon.
             The game lasted 00:14:12 (6355 turns).

pulse the Chopper (Formicid Berserker)              Turns: 6355, Time: 00:14:12

Health: 0/69       AC: 14    Str: 24      XL:     9   Next: 7%
Magic:  9/9        EV:  6    Int:  9 (12) God:    Trog [****..]
Gold:   285        SH: 10    Dex: 10      Spells: 0 memorised, 8 levels left

rFire  . . .     SeeInvis +     s - +0 war axe
rCold  . . .     Clarity  .     n - +0 plate armour
rNeg   . . .     SustAt   .     u - +0 shield
rPois  .         Gourm    +     (helmet unavailable)
rElec  .         Spirit   .     i - +0 cloak
rCorr  .         Warding  .     q - +0 pair of gloves
rMut   .         Stasis   +     (no boots)
MR     ++...                    p - amulet of the gourmand
Stlth  ..........               (no ring)
                                y - +4 ring of intelligence

@: regenerating, very resistant to hostile enchantments, extremely unstealthy
A: permanent stasis, dig shafts and tunnels, four strong arms, antennae 3
a: Dig, Shaft Self, Burn Spellbooks, Trog's Hand, Brothers in Arms, Renounce
Religion


You were on level 8 of the Dungeon.
You worshipped Trog.
Trog was greatly pleased with you.
You were not hungry.

You visited 1 branch of the dungeon, and saw 8 of its levels.

You collected 285 gold pieces.

Inventory:

Hand weapons
 a - a +0 hand axe
 s - a +0 war axe (weapon)
Armour
 i - a +0 cloak (worn)
 m - a +0 chain mail
 n - a +0 plate armour (worn)
 q - a +0 pair of gloves (worn)
 u - a +0 shield (worn)
Jewellery
 p - an amulet of the gourmand (around neck)
 y - a +4 ring of intelligence (left hand)
Magical devices
 t - a wand of slowing (43)
 A - a wand of frost (28)
Scrolls
 v - a scroll of enchant weapon {unknown}
 z - 2 scrolls of identify {unknown}
Potions
 e - a potion of cure mutation {unknown}
 f - a potion of lignification
 g - a potion of brilliance {unknown}
 k - 2 potions of degeneration
 l - a potion of invisibility {unknown}
 o - a potion of magic {unknown}
 r - 2 potions of curing {unknown}
Comestibles
 c - 6 bread rations
 d - 2 beef jerkies
 h - 3 meat rations
 j - 7 fruits
 x - a slice of pizza


   Skills:
 + Level 6.2 Fighting
 * Level 7.6 Axes
 + Level 5.4 Armour
 - Level 1.7 Dodging
 + Level 5.0 Shields


You had 8 spell levels left.
You didn't know any spells.

Dungeon Overview and Level Annotations

Branches:
Dungeon (9/15) Temple (0/1) D:6 Lair (0/8) D:8 D:9 Orc: D:9-12

Altars:
Nemelex Xobeh

Shops:
D:5 %

Annotations:
D:9 Erica


Innate Abilities, Weirdness & Mutations

You are under a permanent stasis effect.
You can dig through walls and to a lower floor.
Your four strong arms can wield two-handed weapons with a shield.
You have a pair of large antennae on your head (SInv).


Message History

Found a staircase to the Lair.
Unknown command.
Use which ability? (? or * to list)
Your skin crawls.
You feel resistant to hostile enchantments.
You feel slightly more hungry.
The worker ant bites you but does no damage.
You block the warg's attack.
The worker ant bites you but does no damage.
Drink which item? (? for menu, Esc to quit)
It was a potion of degeneration.
There was something very wrong with that liquid.
You feel dopey. The warg bites you!
* * * LOW HITPOINT WARNING * * *
You block the worker ant's attack.
You found a shaft!
The fire drake breathes flames at you. The blast of flame hits you!
You die...

##... . #...#.
#...#. #....
#...## ##....###
#...a...# #..@h#
...^.......S....
.......##.......
.≈§§§.. ..##...
≈≈§≈k≈. ..# ..
≈≈§§§≈. .##
.>.≈≈. .# .≈≈≈≈.
.#


You could see a fire drake, a warg, a worker ant and an adder.

Vanquished Creatures
  Eustachio (D:4)
  The ghost of Ajdolov the Spear-Bearer, an average MfGl of Okawaru (D:3)
  An ice beast (D:5)
  A necrophage (D:5)
  A phantom (D:5)
  An ogre (D:5)
  A giant frog (D:6)
  3 wights (D:6)
  2 crimson imps (D:5)
  5 orc priests
  2 hounds (D:5)
  A jelly (D:5)
  3 orc wizards
  An iguana (D:4)
  A worker ant (D:3)
  A hound zombie (D:5)
  7 adders
  A worker ant zombie (D:6)
  3 oozes
  2 adder skeletons (D:4)
  3 worms
  8 giant geckos
  19 orcs
  A bat skeleton (D:4)
  11 goblins
  8 hobgoblins
  2 quokkas
  2 ball pythons
  15 bats
  4 giant cockroaches
  2 giant newts (D:1)
  3 jackals (D:4)
  11 kobolds
  15 rats
143 creatures vanquished.

Notes
Turn   | Place    | Note
--------------------------------------------------------------
     0 | D:1      | pulse the Formicid Berserker began the quest for the Orb.
     0 | D:1      | Reached XP level 1. HP: 18/18 MP: 1/1
   218 | D:1      | Reached XP level 2. HP: 22/24 MP: 2/2
   626 | D:1      | Reached XP level 3. HP: 28/30 MP: 3/3
   649 | D:1      | Acquired Trog's second power
  1067 | D:2      | Reached skill level 4 in Fighting
  1086 | D:2      | Reached XP level 4. HP: 37/37 MP: 4/4
  2106 | D:3      | Reached XP level 5. HP: 36/43 MP: 5/5
  2234 | D:3      | Noticed Ajdolov's ghost (average MfGl)
  2266 | D:3      | Killed Ajdolov's ghost
  2266 | D:3      | Reached skill level 5 in Axes
  2266 | D:3      | Reached skill level 1 in Shields
  2266 | D:3      | Reached XP level 6. HP: 10/49 MP: 6/6
  3057 | D:3      | Found a sparkling altar of Nemelex Xobeh.
  3519 | D:4      | Noticed Eustachio
  3667 | D:4      | Killed Eustachio
  3667 | D:4      | Reached skill level 5 in Fighting
  3667 | D:4      | Reached XP level 7. HP: 34/56 MP: 7/7
  4131 | D:4      | You fall through a shaft!
  4131 | D:5      | Entered Level 5 of the Dungeon
  4197 | D:5      | Reached skill level 6 in Axes
  4214 | D:5      | HP: 4/84 [ice beast (11)]
  4217 | D:5      | Acquired Trog's third power
  4266 | D:5      | Reached XP level 8. HP: 26/62 MP: 8/8
  5058 | D:5      | Found Joistucko's Food Emporium.
  5646 | D:5      | Reached skill level 7 in Axes
  5952 | D:6      | Reached skill level 5 in Armour
  6211 | D:6      | Found a staircase to the Ecumenical Temple.
  6276 | D:6      | Reached XP level 9. HP: 58/69 MP: 9/9
  6297 | D:6      | Reached skill level 5 in Shields
  6307 | D:6      | You fall through a shaft for 3 floors!
  6307 | D:9      | Found a staircase to the Lair.
  6307 | D:9      | Noticed Erica
  6352 | D:8      | Found a staircase to the Lair.
  6352 | D:8      | Noticed a fire drake
  6355 | D:8      | Killed from afar by a fire drake

Vault maps used:
D:1:      lightli_arrival_noodles, hex_large
D:3:      first_bread, nemelex_deck
D:4:      minmay_unequal, uniq_eustachio
D:5:      serial_shops, nicolae_shop_stone, lemuel_flame_loot_1
D:6:      temple_pool_b
D:8:      nicolae_qazlal_style_of_elements, minmay_lair_entry_lava, basic_altar,
          uniq_maurice
D:9:      lemuel_mausoleum_altar_yredelemnul, erik_lair_orcish_takeover,
          uniq_erica

Action                   |  1- 3 |  4- 6 |  7- 9 || total
-------------------------+-------+-------+-------++-------
Melee: Hand axe          |    78 |   237 |       ||   315
       War axe           |       |    38 |   241 ||   279
Invok: Burn Spellbooks   |       |     1 |       ||     1
       Trog's Hand       |       |       |     2 ||     2
 Abil: Shaft Self        |       |       |     1 ||     1
Evoke: Wand              |       |     1 |     1 ||     2
  Use: Scroll            |       |     8 |     1 ||     9
       Potion            |       |       |     5 ||     5
 Stab: Sleeping          |       |     2 |       ||     2
  Eat: Chunk             |     1 |    14 |     8 ||    23
